 Dungeon Crawl Stone Soup version 0.29-a0-284-gf9362112df (webtiles) character file.

Game seed: 5333414302289007263

4145 NobodyCares the Cleaver (level 10, -6/126 HPs)
             Began as a Minotaur Berserker on Mar 21, 2022.
             Was an Elder of Trog.
             Mangled by Grum
             ... wielding a +0 glaive of distortion
              (25 damage)
             ... on level 8 of the Dungeon.
             The game lasted 00:14:48 (10131 turns).

NobodyCares the Cleaver (Minotaur Berserker)       Turns: 10131, Time: 00:14:49

Health: -6/126     AC: 18    Str: 26    XL:     10   Next: 7%
Magic:  9/9        EV:  9    Int:  4    God:    Trog [****..]
Gold:   383        SH:  0    Dex: 16    Spells: 9/9 levels left

rFire   . . .      SeeInvis .   a - +4 battleaxe
rCold   . . .      Faith    .   (shield currently unavailable)
rNeg    . . .      Spirit   .   E - +0 plate armour
rPois   .          Reflect  .   (helmet restricted)
rElec   .          Harm     .   (no cloak)
rCorr   .          Rampage  .   y - +1 pair of gloves
Will    .....                   C - +1 pair of boots
Stlth   ..........              (no amulet)
HPRegen 0.31/turn               d - ring of flight
MPRegen 0.11/turn               p - +6 ring of dexterity

@: berserking, flying, very quick
A: horns 2, retaliatory headbutt
a: Renounce Religion, Berserk, Trog's Hand, Brothers in Arms


You were on level 8 of the Dungeon.
You worshipped Trog.
Trog was greatly pleased with you.
You visited 1 branch of the dungeon, and saw 8 of its levels.

You collected 383 gold pieces.

Inventory:

Hand Weapons
 a - a +4 battleaxe (weapon)
Armour
 y - a +1 pair of gloves (worn)
 C - a +1 pair of boots (worn)
 E - a +0 plate armour (worn)
Jewellery
 d - a ring of flight (left hand)
 o - a ring of fire
 p - a +6 ring of dexterity (right hand)
Wands
 t - a wand of flame (20)
 D - a wand of polymorph (8)
Scrolls
 c - a scroll of silence {unknown}
 g - 2 scrolls of amnesia {unknown}
 i - a scroll of teleportation {unknown}
 k - a scroll of holy word {unknown}
 l - a scroll of blinking
 m - 2 scrolls of enchant weapon {unknown}
 n - 4 scrolls of identify {unknown}
 r - a scroll of fog {unknown}
 s - a scroll of noise {unknown}
 v - 2 scrolls of enchant armour {unknown}
 x - 2 scrolls of vulnerability {unknown}
 B - a scroll of immolation {unknown}
Potions
 b - a potion of heal wounds
 e - a potion of lignification {unknown}
 f - 2 potions of degeneration
 h - 2 potions of curing
 j - a potion of cancellation {unknown}
 q - 2 potions of resistance {unknown}
 u - a potion of attraction {unknown}
 w - a potion of magic {unknown}
 z - a potion of ambrosia {unknown}
 A - 2 potions of brilliance {unknown}


   Skills:
 + Level 6.5 Fighting
 * Level 13.8 Axes
 + Level 8.7 Armour
 + Level 3.8 Dodging
 + Level 1.7 Stealth


You had 9 spell levels left.
You didn't know any spells.
Your spell library was empty.

Dungeon Overview and Level Annotations

Branches:
Dungeon (8/15)             Temple (0/1) D:5
   Lair: D:8-11

Altars:
Cheibriados
Dithmenos
Fedhas
Okawaru
Vehumet

Annotations:
D:8 Grum


Innate Abilities, Weirdness & Mutations

You have a pair of horns on your head.
You reflexively headbutt those who attack you in melee.


Message History

Grum barely misses you.
A wolf comes into view.
The wolf bites you.
You hit the wolf but do no damage. You headbutt the wolf.
The wolf is moderately wounded.
You slash the wolf!
The wolf bites you but does no damage. x2
The wolf closely misses you. You furiously retaliate!
You headbutt the wolf. Grum barely misses you.
You closely miss the wolf.
The wolf is heavily wounded.
You barely miss the wolf. The wolf closely misses you. The wolf bites you!
The wolf barely misses you. The wolf bites you but does no damage.
Grum hits you but does no damage. Space warps horribly around you!
You are too injured to fight recklessly!
You are too injured to fight recklessly!
A red film seems to cover your vision as you go berserk!
You feel yourself moving faster!
You feel mighty! The wolf bites you but does no damage. The wolf bites you!
The wolf closely misses you. You furiously retaliate!
You headbutt the wolf.
Grum hits you from afar with a +0 glaive of distortion.
Space warps horribly around you!!
* * * LOW HITPOINT WARNING * * *
The wolf misses you.
You are too berserk!
Okay, then.
You closely miss the wolf. Your headbutt misses the wolf.
The wolf is heavily wounded.
You slash the wolf!
You kill the wolf!
Trog accepts your kill.
You slice the wolf!! The wolf bites you but does no damage.
The wolf barely misses you. You furiously retaliate!
You headbutt the wolf!
You kill the wolf!
Trog accepts your kill.
You closely miss the wolf.
The wolf is severely wounded.
Grum hits you from afar with a +0 glaive of distortion.
* * * LOW HITPOINT WARNING * * *
Space warps horribly around you!!
You die...

### ##..### ##
. #.....##.###
..
#..#..#....#...
#....<........#
##.............
##............
#...@......##
##.h††....##
##g.......#
....?....#
...........#
....#..#.#...
...>###.####..
..... ..


You could see Grum and a wolf.

Vanquished Creatures
  A hydra (D:6)
  Grinder (D:6)
  A wraith (D:7)
  A steam dragon (D:5)
  Edmund (D:4)
  An orc warrior (D:5)
  A sky beast (D:7)
  An ice beast (D:7)
  4 black bears
  2 ogres (D:5)
  3 wolves (D:8)
  2 centaurs (D:7)
  A phantom (D:4)
  A kobold brigand (D:7)
  A bullfrog (D:3)
  A necrophage (D:6)
  A gnoll sergeant (D:7)
  4 scorpions
  5 wights (D:5)
  5 killer bees (D:6)
  A howler monkey (D:5)
  2 orc priests
  2 hounds
  A jelly (D:6)
  4 iguanas
  7 orc wizards
  5 gnolls (D:7)
  5 adders
  A shadow imp (D:7)
  A white imp (D:7)
  3 worms
  A dart slug (D:2)
  28 orcs
  7 bats
  4 endoplasms
  3 giant cockroaches
  2 goblins
  5 hobgoblins
  6 jackals
  12 kobolds
  5 quokkas
  5 ball pythons
  2 frilled lizards
  4 rats
154 creatures vanquished.

Vanquished Creatures (others)
  3 fungi (D:3)
  2 plants (D:5)
5 creatures vanquished.

Grand Total: 159 creatures vanquished

Notes
Turn   | Place    | Note
-------+----------+-------------------------------------------
     0 | D:1      | NobodyCares the Minotaur Berserker began the quest for the
                  | Orb.
     0 | D:1      | Reached XP level 1. HP: 19/19 MP: 0/0
   149 | D:1      | Reached skill level 4 in Axes
   222 | D:1      | Reached XP level 2. HP: 24/27 MP: 1/1
   938 | D:2      | Reached XP level 3. HP: 31/33 MP: 2/2
  1007 | D:2      | Reached ** piety under Trog
  1825 | D:2      | Found a faded altar of an unknown god.
  2618 | D:3      | Reached skill level 5 in Axes
  3002 | D:3      | Reached XP level 4. HP: 40/40 MP: 3/3
  3248 | D:3      | Noticed a bullfrog
  3253 | D:3      | Killed a bullfrog
  3254 | D:3      | Reached XP level 5. HP: 34/47 MP: 4/4
  4091 | D:3      | Found a blossoming altar of Fedhas.
  4376 | D:3      | Found a snail-covered altar of Cheibriados.
  4724 | D:4      | Noticed Edmund
  4732 | D:4      | Reached skill level 6 in Axes
  4742 | D:4      | Killed Edmund
  4743 | D:4      | Reached XP level 6. HP: 19/53 MP: 5/5
  5375 | D:4      | Identified the +0 pair of boots "Quli" {Harm Int+4}
  5449 | D:4      | Reached skill level 7 in Axes
  5615 | D:4      | Reached skill level 5 in Armour
  5621 | D:4      | Reached XP level 7. HP: 47/60 MP: 6/6
  5851 | D:5      | Entered Level 5 of the Dungeon
  5886 | D:5      | Reached skill level 5 in Fighting
  5886 | D:5      | Reached skill level 1 in Stealth
  5892 | D:5      | Reached skill level 8 in Axes
  6285 | D:5      | Found a staircase to the Ecumenical Temple.
  6293 | D:5      | Reached *** piety under Trog
  6383 | D:5      | Noticed a steam dragon
  6390 | D:5      | Killed a steam dragon
  6391 | D:5      | Reached skill level 9 in Axes
  6391 | D:5      | Reached XP level 8. HP: 24/68 MP: 7/7
  7155 | D:5      | Reached skill level 10 in Axes
  7578 | D:6      | Reached skill level 11 in Axes
  7728 | D:6      | Reached XP level 9. HP: 29/75 MP: 8/8
  7988 | D:6      | Found an iron altar of Okawaru.
  8105 | D:6      | Found a radiant altar of Vehumet.
  8152 | D:6      | Noticed Grinder
  8159 | D:6      | Noticed a four-headed hydra
  8163 | D:6      | Killed Grinder
  8172 | D:6      | Killed an eight-headed hydra
  8173 | D:6      | Reached skill level 12 in Axes
  9075 | D:7      | Found a shadowy altar of Dithmenos.
  9169 | D:7      | Reached **** piety under Trog
  9173 | D:7      | Reached skill level 13 in Axes
  9739 | D:7      | Reached XP level 10. HP: 84/84 MP: 9/9
 10121 | D:8      | Noticed Grum
 10131 | D:8      | Mangled by Grum

Illustrated notes

Levels and vault maps discovered:
D:1:      nicolae_arrival_memento_mori, layout_basic, minmay_misc_feat_diagonals
D:2:      layout_loops_ring, hellmonk_ecumenical_altar_arch_garden
D:3:      layout_basic, mainiacjoe_overflow_big_doors, st_stairs_2
D:4:      minmay_razor_zed, layout_rooms, uniq_edmund
D:5:      minmay_chambers_of_threes, layout_basic,
          minmay_temple_entry_gardened_gates
D:6:      layout_loops_ring, mainiacjoe_overflow_chevrons,
          mainiacjoe_overflow_paths, uniq_grinder
D:7:      layout_loops_cross, lemuel_crystal_altar,
          chequers_serial_rivers_small_b, minmay_puff
D:8:      layout_cave_pools, lair_entry_dummy, minivault_1, uniq_grum,
          uniq_maurice, uniq_erica, uniq_amaemon, uniq_joseph

Skill      XL: |  1  2  3  4  5  6  7  8  9 |
---------------+----------------------------+-----
Axes           | 4 5 6 7 9 11 13 | 13.8
Fighting       | 4 5 6 |  6.5
Armour         | 3 4 5 6 7 8 |  8.7
Dodging        | 3 |  3.8
Stealth        | 1 |  1.7

Action                   |  1- 3 |  4- 6 |  7- 9 | 10-12 || total
-------------------------+-------+-------+-------+-------++-------
Melee: Hand axe          |   109 |   110 |     2 |       ||   221
       Headbutt          |    14 |    17 |    25 |     2 ||    58
       Punch             |     1 |       |       |       ||     1
       War axe           |       |       |    16 |       ||    16
       Battleaxe         |       |       |   155 |    11 ||   166
Invok: Berserk           |       |     1 |     2 |     1 ||     4
  Use: Potion            |     2 |     4 |     2 |       ||     8
       Scroll            |       |       |     1 |       ||     1
 Stab: Distracted        |       |       |     1 |       ||     1
Armor: Ring mail         |    45 |    19 |       |       ||    64
       Scale mail        |       |    10 |     2 |       ||    12
       Chain mail        |       |       |    64 |       ||    64
       Plate armour      |       |       |    50 |    10 ||    60
Dodge: Dodged            |    71 |    40 |   100 |    12 ||   223

Table legend: (Time is in decaauts)
 A = Elapsed time spent in this place.
 B = Non-inter-level travel time spent in this place.
 C = Inter-level travel time spent in this place.
 D = Time resting spent in this place.
 E = Time spent auto-exploring this place.
 F = Levels seen in this place.
 G = Mean time per level.
                   A        B        C        D        E       F      G
               +--------+--------+--------+--------+--------+-----+--------+
         Total |  10191 |   9461 |    730 |   2124 |   6358 |   8 | 1273.9 |
       Dungeon |  10191 |   9461 |    730 |   2124 |   6358 |   8 | 1273.9 |
               +--------+--------+--------+--------+--------+-----+--------+

Top non-repeatable levels by time:
     D:3: 2402 daAuts
     D:2: 1806 daAuts
     D:5: 1782 daAuts
     D:6: 1305 daAuts
     D:7: 1227 daAuts
     D:4: 1016 daAuts
     D:1: 637 daAuts
     D:8: 12 daAuts
